 Dungeon Crawl Stone Soup version 0.21-a0-55-gb612c23 (webtiles) character file.

864 BrendanD the Skirmisher (level 7, -4/72 HPs)
             Began as a Deep Dwarf Fighter on June 14, 2017.
             Slain by an ogre
             ... wielding a +0 giant spiked club
              (23 damage)
             ... on level 5 of the Dungeon.
             The game lasted 00:13:34 (3051 turns).

BrendanD the Skirmisher (Deep Dwarf Fighter)        Turns: 3051, Time: 00:13:35

Health: -4/72      AC:  8    Str: 19    XL:     7   Next: 72%
Magic:  6/6        EV:  7    Int:  9    God:
Gold:   263        SH:  9    Dex: 12    Spells: 6/6 levels left

rFire    . . .     SeeInvis .   a - +0 war axe
rCold    + . .     Gourm    .   c - +0 shield
rNeg     . . .     Faith    .   l - +0 scale mail
rPois    .         Spirit   .   n - +0 helmet
rElec    .         Reflect  .   (no cloak)
rCorr    .         Harm     .   (no gloves)
MR       +....                  (no boots)
Stlth    ..........             (no amulet)
HPRegen  0.00/turn              j - ring of protection from cold
MPRegen  0.10/turn              (no ring)

@: non-regenerating
A: damage resistance, heal wounds, sense surroundings 2, weak 1, wild magic 1,
evolution 1, no regeneration
a: Heal Wounds


You were on level 5 of the Dungeon.
You were not hungry.

You visited 1 branch of the dungeon, and saw 5 of its levels.

You collected 263 gold pieces.

Inventory:

Hand Weapons
 a - a +0 war axe (weapon)
Armour
 c - a +0 shield (worn)
 l - a +0 scale mail (worn)
 n - a +0 helmet (worn)
Jewellery
 j - a ring of protection from cold (left hand)
 p - an uncursed ring of stealth {unknown}
 s - an uncursed ring of positive energy {unknown}
Wands
 g - a wand of lightning (4/15)
 v - a wand of clouds (2/9)
Scrolls
 b - 2 scrolls of amnesia {unknown}
 e - a scroll of fog {unknown}
 h - 8 scrolls of identify {unknown}
 i - 2 scrolls of immolation {unknown}
 k - 2 scrolls of noise {unknown}
 q - 4 scrolls of remove curse {unknown}
 r - 6 scrolls of teleportation {unknown}
 t - 2 scrolls of enchant weapon {unknown}
Comestibles
 f - 2 bread rations
 m - 3 fruits
 o - a meat ration


   Skills:
 * Level 7.2 Fighting
 + Level 5.7 Axes
 - Level 3.2 Armour
 - Level 3.2 Shields


You had 6 spell levels left.
You didn't know any spells.

Dungeon Overview and Level Annotations

Branches:
Dungeon (5/15)
 Temple: D:4-7

Altars:
Ashenzari
Nemelex Xobeh
Vehumet


Innate Abilities, Weirdness & Mutations

You are resistant to damage.
You can heal yourself by infusing magical energy.
You passively map the area around you.
You do not regenerate.
You are weak. (Str -2)
Your spells are a little harder to cast, but a little more powerful.
You evolve.


Message History

You hit the centaur but do no damage. The centaur hits you.
The crimson imp blinks!
You block the centaur's attack.
You hit the centaur but do no damage. You slash the ogre!
The centaur barely misses you. You block the ogre's attack.
You block the centaur's attack.
You barely miss the centaur. You hit the ogre. The centaur hits you.
The ogre hits you with a giant spiked club!!
* * * LOW HITPOINT WARNING * * *
Your shield and scale mail prevent you from hitting the centaur.
You slash the ogre! The centaur completely misses you.
The crimson imp blinks!
You block the centaur's attack.
The ogre hits you with a giant spiked club!
* * * LOW HITPOINT WARNING * * *
Your shield prevents you from hitting the centaur.
Your shield and scale mail prevent you from hitting the ogre.
The centaur hits you.
* * * LOW HITPOINT WARNING * * *
You block the centaur's attack.
The ogre hits you with a giant spiked club!!
You die...

###
#####################.#
.............ยง.c@O5.(.#
#####################.#
.....# #.#
...#.########## #.# *
##.#..........#,,..
...,, ##.#..........#
... ... ,
##.#..........#....,....
*
##.#..........#.........
,, .................., ,
* *


You could see an ogre, a centaur and a crimson imp.

Vanquished Creatures
  Sigmund (D:4)
  A phantom (D:4)
  An ice beast (D:5)
  An ogre (D:4)
  A scorpion (D:4)
  A crimson imp (D:3)
  A bullfrog skeleton (D:4)
  Terence (D:2)
  Natasha (D:2)
  2 worker ants (D:4)
  A statue (D:4)
  Robin (D:2)
  7 adders
  An ooze (D:1)
  An adder skeleton (D:4)
  3 worms
  15 dart slugs
  4 leopard geckos
  8 orcs
  5 bats
  6 giant cockroaches
  12 goblins
  4 hobgoblins
  7 jackals
  A quokka (D:2)
  3 ball pythons
  7 frilled lizards
  3 kobolds
  4 rats (D:1)
104 creatures vanquished.

Notes
Turn   | Place    | Note
-------+----------+-------------------------------------------
     0 | D:1      | BrendanD the Deep Dwarf Fighter began the quest for the Orb.
     0 | D:1      | Reached XP level 1. HP: 20/20 MP: 1/1
    54 | D:1      | Reached skill level 3 in Fighting
    98 | D:1      | Reached XP level 2. HP: 23/28 MP: 2/2
   611 | D:2      | Reached XP level 3. HP: 25/34 MP: 3/3
   634 | D:2      | Noticed Robin
   668 | D:2      | Killed Robin
   668 | D:2      | Reached skill level 4 in Fighting
   668 | D:2      | Reached XP level 4. HP: 30/44 MP: 4/4
   787 | D:2      | Noticed Natasha
   809 | D:2      | Killed Natasha
   969 | D:2      | Found a shattered altar of Ashenzari.
  1065 | D:2      | Noticed Terence
  1082 | D:2      | Killed Terence
  1082 | D:2      | Reached XP level 5. HP: 16/51 MP: 5/5
  1632 | D:3      | Reached skill level 5 in Fighting
  1731 | D:3      | Found a sparkling altar of Nemelex Xobeh.
  1934 | D:3      | Reached XP level 6. HP: 61/61 MP: 6/6
  2195 | D:4      | Noticed Sigmund
  2199 | D:4      | Gained mutation: You are weak. (Str -2) [potion of mutation]
  2199 | D:4      | Gained mutation: You passively map the area around you. [potion of mutation]
  2199 | D:4      | Gained mutation: Your spells are a little harder to cast, but a little more powerful. [potion of mutation]
  2199 | D:4      | Gained mutation: You evolve. [potion of mutation]
  2204 | D:4      | Killed Sigmund
  2204 | D:4      | Reached skill level 6 in Fighting
  2222 | D:4      | Reached skill level 5 in Axes
  2222 | D:4      | Reached XP level 7. HP: 61/69 MP: 7/7
  2819 | D:4      | Found a radiant altar of Vehumet.
  2903 | D:4      | Reached skill level 7 in Fighting
  2924 | D:5      | Entered Level 5 of the Dungeon
  3051 | D:5      | Slain by an ogre

Vault maps used:
D:1:      dpeg_arrival_windows_large_door
D:2:      lemuel_crystal_altar, uniq_natasha, uniq_terence, uniq_robin
D:3:      nemelex_diamond_rough_becter
D:4:      kennysheep_slugbush, vehumet_statue, first_bread, grunt_ministairs_6,
          uniq_sigmund
D:5:      kennysheep_mini_moat, lemuel_zombie_altar_yredelemnul

Skill      XL: |  1  2  3  4  5  6  7 |
---------------+----------------------+-----
Fighting       | 3 4 5 6 7 |  7.2
Axes           | 3 4 5 |  5.7
Armour         | |  3.2
Shields        | |  3.2

Action                   |  1- 3 |  4- 6 |  7- 9 || total
-------------------------+-------+-------+-------++-------
Melee: War axe           |   112 |   266 |    93 ||   471
 Abil: Heal Wounds       |       |     4 |     2 ||     6
  Use: Potion            |       |     5 |     2 ||     7
  Eat: Chunk             |       |     5 |     3 ||     8
Armor: Scale mail        |    61 |   172 |    33 ||   266
Dodge: Dodged            |    40 |    99 |    21 ||   160
Block: Shield            |    53 |   163 |    40 ||   256
